 Dungeon Crawl Stone Soup version 0.31.0-11-ge490571c62 (webtiles) character file.

Game seed: 7343413330089037859

6 qw the Shooter (level 1, -1/12 HPs)
             Began as a Deep Elf Hunter on Feb 3, 2024.
             Slain by a gnoll
             ... wielding a +0 club
              (3 damage)
             ... on level 1 of the Dungeon.
             The game lasted 00:00:00 (233 turns).

qw the Shooter (Deep Elf Hunter)                     Turns: 233, Time: 00:00:01

Health: -1/12      AC:  3    Str:  8    XL:     1   Next: 75%
Magic:  3/3        EV: 12    Int: 13    God:
Gold:   43         SH:  0    Dex: 18    Spells: 0/0 levels left

rFire   . . .        a - +0 shortbow
rCold   . . .        (shield currently unavailable)
rNeg    . . .        c - +0 leather armour
rPois   .            (no helmet)
rElec   .            (no cloak)
rCorr   .            (no gloves)
SInv    .            (no boots)
Will    .....        (no amulet)
Stlth   ++           (no ring)
HPRegen 0.22/turn    (no ring)
MPRegen 0.08/turn

%: no passive effects
@: no status effects
A: no striking features
a: no special abilities


You were on level 1 of the Dungeon.
You visited 1 branch of the dungeon, and saw 1 of its levels.

You collected 43 gold pieces.


   Skills:
 - Level 1.5 Fighting
 + Level 5.8 Ranged Weapons
 - Level 2.4 Dodging
 - Level 1.2 Stealth


You couldn't memorise any spells.
You didn't know any spells.
Your spell library was empty.

Inventory:

Hand Weapons
 a - a +0 shortbow (weapon)
Armour
 c - a +0 leather armour (worn)
 d - a +2 pair of boots
Scrolls
 b - a scroll of butterflies
 e - a scroll of identify {unknown}

Dungeon Overview and Level Annotations

Branches:
Dungeon (1/15)

Altars:


Message History

You now have 43 gold pieces (gained 3).
You open the door.
There is an open door here.
A rat comes into view.
Enter note:
Enter note:
Enter note: You shoot an arrow.
The arrow hits the rat but does no damage.
The rat squeaks loudly.
You shoot an arrow. The arrow hits the rat.
The rat is heavily wounded.
You shoot an arrow.
The arrow hits the rat but does no damage.
The rat is heavily wounded.
You shoot an arrow. The arrow hits the rat!
You kill the rat!
d - a +2 pair of boots You open the door.
There is an open door here.
e - a scroll labelled WOEFFA KOTIHEA You open the door.
There is an open door here.
Found a stone staircase leading down.
A gnoll comes into view. It is wielding a +0 club.
You shoot an arrow. The arrow hits the gnoll.
The gnoll is moderately wounded.
You shoot an arrow.
The arrow hits the gnoll but does no damage.
The gnoll is moderately wounded.
The gnoll hits you with a +0 club.
You shoot an arrow. The arrow closely misses the gnoll.
The gnoll barely misses you. The gnoll hits you with a +0 club.
You shoot an arrow.
The arrow hits the gnoll but does no damage.
The gnoll is lightly wounded.
The gnoll hits you with a +0 club.
You shoot an arrow. The arrow closely misses the gnoll.
The gnoll hits you with a +0 club.
You die...

#######...... ###
#......#.##.#.#
#.....>#.#..#.#
#####......#....#.#
...##......##...#.#
##.##......##...#.#
.........#.##.#.#.#
.#.#######.##.#.#g#
.#.# #.##.#.@.# .#.#
#.##.#######
.#'#######.##........
.......##.....#######
.......##.....#
.......##.....#
.......##.....#
.......##.....#
.......##.....#


You could see a gnoll.

Vanquished Creatures
  2 goblins (D:1)
  A quokka (D:1)
  A bat (D:1)
  2 rats (D:1)
6 creatures vanquished.

Notes
Turn   | Place    | Note
-------+----------+-------------------------------------------
     0 | D:1      | qw the Deep Elf Hunter began the quest for the Orb.
     0 | D:1      | Reached XP level 1. HP: 12/12 MP: 3/3
     0 | D:1      | 0 ||| qw: Version: 0.3-a-157-g843a77d
     0 | D:1      | 0 ||| qw: Game counter: 3839
     0 | D:1      | 0 ||| qw: Melee chars always use a shield: true
     0 | D:1      | 0 ||| qw: God list: Okawaru
     0 | D:1      | 0 ||| qw: Allow faded altars: false
     0 | D:1      | 0 ||| qw: Do Orc after clearing Dungeon:15 true
     0 | D:1      | 0 ||| qw: Do second Lair branch before Depths: true
     0 | D:1      | 0 ||| qw: Lair rune preference: random
     0 | D:1      | 0 ||| qw: Goals: Normal
     0 | D:1      | 0 ||| PLANNING D:1-11
   232 | D:1      | HP: 2/12 [gnoll/+0 club (5)]
   233 | D:1      | Slain by a gnoll

Levels and vault maps discovered:
D:1:      eino_arrival_druids_welcome, layout_basic

Action                     || total
---------------------------++-------
   Fire: Shortbow          ||    22
 Armour: Leather armour    ||     6
  Dodge: Dodged            ||     3

Table legend:
 A = Non-vault XP
 B = Vault XP
 C = Vault XP percentage of total XP
 D = Non-vault monster count
 E = Vault monster count
 F = Vault count percentage of total count
                 A         B        C        D         E       F
            +---------+---------+-------+---------+---------+-------
      Total |       9 |       0 |   0.0 |       6 |       0 |   0.0
            +---------+---------+-------+---------+---------+-------
        D:1 |       9 |       0 |   0.0 |       6 |       0 |   0.0
            +---------+---------+-------+---------+---------+-------
